 Dungeon Crawl Stone Soup version 0.27-a0-1140-g099f9bb0e8 (webtiles) character file.

Game seed: 15294196727983779264

175 Froggeryz the Insei (level 5, 0/33 HPs)
             Began as an Octopode Transmuter on May 9, 2021.
             Slain by a goblin
             ... wielding a +2 dagger of electrocution
             ... led by Robin
              (20 damage)
             ... on level 3 of the Dungeon.
             The game lasted 00:02:56 (3254 turns).

Froggeryz the Insei (Octopode Transmuter)           Turns: 3254, Time: 00:02:57

Health: 0/33       AC:  1    Str: 10    XL:     5   Next: 55%
Magic:  8/8        EV: 13    Int: 16    God:
Gold:   124        SH:  0    Dex: 12    Spells: 4/8 levels left

rFire    . . .     SeeInvis .     - Unarmed
rCold    . . .     Faith    .   (no shield)
rNeg     . . .     Spirit   .   (helmet restricted)
rPois    .         Reflect  .   (no amulet)
rElec    .         Harm     .   (no ring)
rCorr    .         Rampage  .   (no ring)
Will     .....                  (no ring)
Stlth    ++........             (no ring)
HPRegen  0.11/turn              (no ring)
MPRegen  0.11/turn              (no ring)
                                (no ring)
                                (no ring)

@: no status effects
A: almost no armour, amphibious, 8 rings, camouflage 1, gelatinous body 1,
(nimble swimmer 1), tentacles
a: no special abilities


You were on level 3 of the Dungeon.
You visited 1 branch of the dungeon, and saw 3 of its levels.

You collected 124 gold pieces.

Inventory:

Scrolls
 a - a scroll of silence {unknown}
 b - a scroll of enchant armour {unknown}
 c - 2 scrolls of identify {unknown}
 d - a scroll of enchant weapon {unknown}
 e - a scroll of brand weapon {unknown}
 h - a scroll of vulnerability {unknown}
 i - a scroll of noise {unknown}
 n - a scroll of immolation {unknown}
 o - a scroll of magic mapping {unknown}
Potions
 f - 2 potions of degeneration {unknown}
 g - a potion of flight {unknown}
 j - a potion of magic {unknown}
 k - 2 potions of curing {unknown}
 l - a potion of brilliance {unknown}
 m - a potion of ambrosia {unknown}


   Skills:
 - Level 1.0 Fighting
 - Level 2.0 Dodging
 * Level 6.1 Unarmed Combat
 - Level 2.0 Spellcasting
 - Level 2.0 Transmutations


You had 4 spell levels left.
You knew the following spells:

 Your Spells              Type           Power      Damage    Failure   Level
a - Beastly Appendage     Tmut           16%        N/A       9%          1
b - Spider Form           Tmut/Pois      2%         N/A       38%         3

Your spell library contained the following spells:

 Spells                   Type           Power      Damage    Failure   Level
 Wereblood                Tmut           8%         N/A       14%         2
 Ice Form                 Ice/Tmut       4%         N/A       80%         4
 Hydra Form               Tmut           4%         N/A       94%         5


Dungeon Overview and Level Annotations

Branches:
Dungeon (3/15)

Altars:

Annotations:
D:3 Robin


Innate Abilities, Weirdness & Mutations

You cannot wear most types of armour.
You are amphibious.
You can wear up to eight rings at the same time.
Your skin changes colour to match your surroundings (Stealth+).
Your rubbery body absorbs attacks. (AC +1, EV +1)
((You are camouflaged near water. (Stealth+)))
You have tentacles for arms and can constrict up to eight enemies at once.


Message History

Things that are here:
a +0 trident; a +0 leather armour; an orc corpse
There is a stone staircase leading down, spattered with blood here.
You start resting.
HP restored.
There is a stone staircase leading down here.
You climb downwards.
There is a stone staircase leading up here.
Things that are here:
a +2 dagger of venom; a +0 dagger; a +0 dagger You see here a +0 club.
Things that are here:
14 stones; a +0 club; a +0 hunting sling
Found 20 stones.
You see here a +0 pair of boots.
An endoplasm comes into view.
The endoplasm moves out of view.
An endoplasm is nearby!
An endoplasm is nearby!
Robin of the Strong Arm comes into view.
They are wielding a +0 mace.
Robin shouts!
You hear a shout! x2
A goblin comes into view. It is wielding a +0 dagger.
Robin roars a battlecry!
The goblin goes into a battle-frenzy!
The endoplasm quivers.
You hear a shout!
The endoplasm hits you.
You tentacle-slap the endoplasm. You squeeze the endoplasm.
You kill the endoplasm!
Robin throws the goblin at you! The goblin hits you with a +0 dagger.
You barely miss the goblin. You grab the goblin. You squeeze the goblin.
You kill the goblin!
Robin says, "Bow before me, strongest of all the hobgoblins!"
Robin roars a battlecry!
Robin throws the goblin at you!
You closely miss the goblin. You grab the goblin. You constrict the goblin.
The goblin hits you with a +2 dagger of electrocution!
You are electrocuted!!
Ouch! That really hurt!
You die...

########### #.........#
.###.........#
###########
...g....)....#
#..........
.###..g..>...#
#.......... #.....@...#
#..........
#......g..###..........
###.#####..............
#. #..........)... #.
#)............. ###.###
#........###...
........##........#
#...
.........###########
#(.. ..........####
#)..


You could see Robin, a hobgoblin (strong) and a goblin (strong).

Vanquished Creatures
  Natasha (thrice) (D:2)
  Terence (D:2)
  2 adders
  2 worms (D:2)
  2 dart slugs
  An orc (D:2)
  4 endoplasms
  10 goblins
  2 hobgoblins (D:3)
  2 jackals (D:2)
  4 kobolds
  4 ball pythons
  7 bats
  4 frilled lizards
  3 rats
51 creatures vanquished.

Notes
Turn   | Place    | Note
-------+----------+-------------------------------------------
     0 | D:1      | Froggeryz the Octopode Transmuter began the quest for the
                  | Orb.
     0 | D:1      | Reached XP level 1. HP: 13/13 MP: 3/3
   256 | D:1      | Reached XP level 2. HP: 12/18 MP: 5/5
   589 | D:1      | Found a faded altar of an unknown god.
   889 | D:2      | Reached skill level 4 in Unarmed Combat
   978 | D:2      | Reached XP level 3. HP: 17/23 MP: 4/6
  1307 | D:2      | Noticed Natasha
  1317 | D:2      | Killed Natasha
  1318 | D:2      | Reached XP level 4. HP: 3/28 MP: 5/7
  1714 | D:2      | Noticed Terence
  1726 | D:2      | Killed Terence
  1727 | D:2      | Reached skill level 5 in Unarmed Combat
  1850 | D:2      | Noticed Natasha
  1871 | D:2      | Killed Natasha
  2210 | D:2      | Reached XP level 5. HP: 33/33 MP: 8/8
  2237 | D:2      | Noticed Natasha
  2243 | D:2      | Killed Natasha
  2451 | D:3      | Noticed a sky beast
  2565 | D:3      | Learned a level 3 spell: Spider Form
  2958 | D:3      | Reached skill level 6 in Unarmed Combat
  3247 | D:3      | Noticed Robin
  3254 | D:3      | Slain by a goblin

Illustrated notes

Levels and vault maps discovered:
D:1:      ebering_trefoil_twist, layout_loops_cross,
          shapermc_ecumenical_altar_notcrosses
D:2:      layout_loops_cross, minmay_misc_feat_more_columns,
          grunt_ministairs_13, uniq_natasha, uniq_terence
D:3:      layout_basic, uniq_robin

Skill      XL: |  1  2  3  4  5 |
---------------+----------------+-----
Unarmed Combat | 4 5 6 |  6.1
Fighting       | |  1.0
Dodging        | |  2.0
Spellcasting   | |  2.0
Transmutations | |  2.0

Action                   |  1- 3 |  4- 6 || total
-------------------------+-------+-------++-------
Melee: Unarmed           |    53 |    56 ||   109
       Constrict         |    16 |    16 ||    32
       Tentacles         |     6 |    14 ||    20
       Punch             |     4 |       ||     4
       Kick              |     2 |     4 ||     6
 Cast: Beastly Appendage |     3 |     6 ||     9
 Stab: Sleeping          |     2 |     3 ||     5
       Distracted        |       |     1 ||     1
Armor: Skin              |     3 |     4 ||     7
Dodge: Dodged            |    37 |    28 ||    65

Table legend: (Time is in decaauts)
 A = Elapsed time spent in this place.
 B = Non-inter-level travel time spent in this place.
 C = Inter-level travel time spent in this place.
 D = Time resting spent in this place.
 E = Time spent auto-exploring this place.
 F = Levels seen in this place.
 G = Mean time per level.
                   A        B        C        D        E       F      G
               +--------+--------+--------+--------+--------+-----+--------+
         Total |   3247 |   3150 |     97 |    618 |   2095 |   3 | 1082.3 |
       Dungeon |   3247 |   3150 |     97 |    618 |   2095 |   3 | 1082.3 |
               +--------+--------+--------+--------+--------+-----+--------+

Top non-repeatable levels by time:
     D:2: 1835 daAuts
     D:1: 879 daAuts
     D:3: 531 daAuts
